 Dungeon Crawl Stone Soup version 0.21-a0-442-g848f44b (webtiles) character file.

5165 Gorice the Martial Artist (level 10, 0/65 HPs)
             Began as a Demonspawn Wanderer on Nov 12, 2017.
             Was an Initiate of Fedhas.
             Slain by a two-headed ogre
             ... wielding a +0 giant club
              (4 damage)
             ... on level 9 of the Dungeon.
             The game lasted 00:42:50 (13679 turns).

Gorice the Martial Artist (Demonspawn Wanderer)    Turns: 13679, Time: 00:42:51

Health: 0/65       AC: 14    Str: 18    XL:     10   Next: 34%
Magic:  11/11      EV:  5    Int: 15    God:    Fedhas [......]
Gold:   519        SH:  4    Dex: 14    Spells: 11/11 levels left

rFire    . . .     SeeInvis .     - Unarmed
rCold    . . .     Gourm    .   t - +0 buckler
rNeg     . . .     Faith    .   n - +1 plate armour
rPois    .         Spirit   .   (helmet restricted)
rElec    .         Reflect  .   (no cloak)
rCorr    .         Harm     .   (no gloves)
MR       .....                  (no boots)
Stlth    ..........             m - amulet of rage
HPRegen  0.20/turn              (no ring)
MPRegen  0.12/turn              (no ring)

@: mighty
A: antennae 1, claws 1, demonic guardian 1, powered by pain 2
a: Fungal Bloom, Renounce Religion, Evoke Berserk Rage


You were on level 9 of the Dungeon.
You worshipped Fedhas.
Fedhas was noncommittal.
You were very hungry.

You visited 2 branches of the dungeon, and saw 10 of its levels.
You also visited: Ossuary.

You collected 519 gold pieces.

Inventory:

Hand Weapons
 c - a +0 hand axe
 p - a +1 scimitar of flaming
   (You took it off Erica on level 7 of the Dungeon)
 B - a +1 blowgun
Missiles
 g - 80 bolts
 u - 4 tomahawks (quivered)
 x - 3 javelins
 E - 7 curare-tipped needles
 Y - 266 stones
 Z - 2 throwing nets
Armour
 a - a +0 shield
 n - a +1 plate armour (worn)
 t - a +0 buckler (worn)
 F - a +1 ring mail of poison resistance
   (You found it on level 7 of the Dungeon)
Jewellery
 m - an amulet of rage (around neck)
Wands
 w - a wand of disintegration (17/24)
 D - a wand of random effects (14/48)
 H - a wand of lightning (0/15)
Scrolls
 i - a scroll of identify
 j - 3 scrolls of recharging
 q - 4 scrolls of teleportation {!r}
 A - a scroll of enchant armour
Potions
 d - a potion of heal wounds {!q}
 e - a potion of lignification {!q}
 h - 2 potions of mutation {!q}
 l - 4 potions of curing
 o - a potion of ambrosia
 s - a potion of berserk rage
 v - 2 potions of might {!q}
 z - 2 potions of flight
 C - a potion of agility {!q}
 G - a potion of magic {!q}
 I - a potion of brilliance {!q}
Books
 b - the Grimoire of the Entourage

   Spells                             Type                      Level
   a - Summon Butterflies             Summoning                    1
   b - Recall                         Summoning/Translocation      3
 y - a book of Flames
Comestibles
 f - a bread ration {!e}
 k - 7 fruits
 r - 5 meat rations {!e}
 J - a royal jelly


   Skills:
 - Level 1.0 Fighting
 - Level 4.8 Axes
 + Level 8.0 Armour
 - Level 1.0 Stealth
 - Level 1.0 Shields
 * Level 10.8 Unarmed Combat
 - Level 1.0 Spellcasting
   Level 1.0 Conjurations
   Level 1.0 Translocations


You had 11 spell levels left.
You didn't know any spells.

Dungeon Overview and Level Annotations

Branches:
Dungeon (9/15)             Temple (1/1) D:6
   Lair: D:8-11         Orc: D:9-12

Altars:
Ashenzari
Cheibriados
Dithmenos
Elyvilon
Fedhas
Gozag
Hepliaklqana
Kikubaaqudgha
Makhleb
Nemelex Xobeh
Okawaru
Qazlal
Ru
Sif Muna
Uskayaw
Vehumet
Wu Jian
Xom
Yredelemnul
Zin
The Shining One
Lugonu

Shops:
D:6 [


Innate Abilities, Weirdness & Mutations

You have a pair of small antennae on your head.
You have sharp fingernails.
A weak demonic guardian rushes to your aid.
You sometimes gain power by taking damage.


Message History

No target in view!
No target in view!
You now have 519 gold pieces (gained 15).
A kobold comes into view. It is wielding a club.
A kobold and a two-headed ogre come into view.
The kobold shouts!
The two-headed ogre shouts in stereo!
Found a ring mail.
A steam dragon and a kobold come into view.
A kobold and a big kobold come into view.
The big kobold shouts!
The kobold shouts! x2; The steam dragon hisses angrily.
The kobold throws a stone.
The stone barely misses your iron imp. The stone hits you but does no damage.
The kobold hits your iron imp with a club.
A quokka comes into view.
You see here a stone.
The kobold hits your iron imp but does no damage.
The kobold hits your iron imp but does no damage.
You completely miss the two-headed ogre.
The two-headed ogre hits you but does no damage.
The two-headed ogre hits you with a giant club!!
Damage: 20 (max 20)
You completely miss the two-headed ogre.
Your iron imp hits the two-headed ogre.
The two-headed ogre hits you but does no damage. x2
You closely miss the two-headed ogre.
The two-headed ogre is lightly wounded.
The kobold hits your iron imp but does no damage.
You barely miss the two-headed ogre.
The two-headed ogre is lightly wounded.
Your iron imp hits the two-headed ogre!
The two-headed ogre hits you with a giant club!
The two-headed ogre hits you with a giant club.
* * * LOW HITPOINT WARNING * * *
The kobold barely misses your iron imp.
Damage: 14 (max 20) Evoke which item? (* to show all) (? for menu, Esc to quit)
Aiming: Disintegrate (will waste charges)
Press: ? - help, Shift-Dir - straight line, f - two-headed ogre
Aim: a two-headed ogre, wielding two giant clubs (lightly wounded, chance to defeat MR: 48%)
The two-headed ogre is blasted.
Evoking this partially-identified wand wasted a few charges.
The kobold hits your iron imp with a dagger.
Your iron imp hits the two-headed ogre but does no damage.
The two-headed ogre hits you with a giant club!!
* * * LOW HITPOINT WARNING * * *
You focus on the pain.
You feel very mighty all of a sudden.
The two-headed ogre hits you with a giant club.
You die...
Fedhas appreciates your contribution to the ecosystem.

.........#
...D.K...#
.......rK#
.......DK#
########K#
#K# #5# #O#
##########@#
...........#
...........#
...........#
##########<#
#.# #.# #.#
#.#


You could see a two-headed ogre, a steam dragon, a big kobold, a quokka, 3
kobolds and a friendly iron imp.

Vanquished Creatures
  Erica (D:7)
  Pikel (D:8)
  2 hippogriffs (D:7)
  A human (D:8)
  A water moccasin (D:7)
  2 orc warriors
  3 sky beasts
  2 phantoms (D:7)
  An ice beast (D:7)
  3 ogres
  2 centaurs
  An elf zombie (Ossuary)
  A gnoll sergeant (D:7)
  3 bullfrogs
  4 scorpions
  A killer bee (D:7)
  2 howler monkeys
  A crimson imp (D:7)
  A hound (D:8)
  A human zombie (Ossuary)
  A centaur skeleton (D:7)
  4 orc wizards
  2 gnoll shamans (D:7)
  6 orc priests
  3 jellies
  2 iguanas (D:7)
  8 worker ants
  A big kobold zombie (Ossuary)
  2 mummies (Ossuary)
  A worker ant zombie (D:8)
  14 gnolls
  12 adders
  A shadow imp (D:6)
  2 oozes
  2 adder zombies (Ossuary)
  3 adder skeletons
  3 worms
  2 dart slugs
  6 leopard geckos
  18 orcs
  A ball python (D:3)
  9 bats
  5 giant cockroaches
  5 goblins
  8 hobgoblins
  8 jackals
  5 kobolds
  3 quokkas
  4 frilled lizards
  2 goblin zombies (Ossuary)
  7 hobgoblin zombies (Ossuary)
  A jackal zombie (Ossuary)
  9 kobold zombies (Ossuary)
  A leopard gecko skeleton (D:6)
  7 orc zombies (Ossuary)
  10 rats
  A rat zombie (Ossuary)
  A spectral orc (D:8)
214 creatures vanquished.

Vanquished Creatures (collateral kills)
  Grinder (D:5)
  A human (D:8)
  A sky beast (D:6)
  An ogre (D:5)
  2 phantoms
  A centaur (D:5)
  An elf zombie (Ossuary)
  A scorpion (D:4)
  2 crimson imps
  A centaur skeleton (D:4)
  2 orc wizards (D:8)
  2 worker ants
  A howler monkey zombie (D:5)
  An adder (D:7)
  A gnoll (D:7)
  An orc (D:8)
  A hobgoblin zombie (Ossuary)
  2 kobold zombies (Ossuary)
  An orc zombie (Ossuary)
24 creatures vanquished.

Grand Total: 238 creatures vanquished

Notes
Turn   | Place    | Note
-------+----------+-------------------------------------------
     0 | D:1      | Gorice the Demonspawn Wanderer began the quest for the Orb.
     0 | D:1      | Gorice set off with: a +0 shield, the Grimoire of the Entourage, a +0 hand axe, a +0 robe, a bread ration {!e}
     0 | D:1      | Reached XP level 1. HP: 15/15 MP: 2/2
     0 | D:1      | Identified the Grimoire of the Entourage
    11 | D:1      | Reached skill level 3 in Axes
    93 | D:1      | Gained mutation: A weak demonic guardian rushes to your aid. [demonic ancestry]
    93 | D:1      | Reached XP level 2. HP: 20/21 MP: 3/3
   448 | D:1      | HP: 6/21 [bat (1)]
   453 | D:1      | HP: 6/21 [bat (1)]
   454 | D:1      | Reached XP level 3. HP: 7/26 MP: 4/4
  1037 | D:2      | Reached skill level 4 in Axes
  1529 | D:2      | Found a faded altar of an unknown god.
  1759 | D:2      | Found a hazy altar of Hepliaklqana.
  2265 | D:3      | Found a white marble altar of Elyvilon.
  2529 | D:3      | Reached XP level 4. HP: 32/32 MP: 5/5
  2586 | D:2      | HP: 9/32 [poisoned by an adder]
  2594 | D:2      | HP: 8/32 [poisoned by an adder]
  3017 | D:3      | Reached skill level 2 in Armour
  3287 | D:3      | Gained mutation: You have sharp fingernails. [demonic ancestry]
  3287 | D:3      | Reached XP level 5. HP: 15/37 MP: 6/6
  3705 | D:4      | Noticed a phantom
  3749 | D:4      | Killed a phantom
  3749 | D:4      | Reached skill level 2 in Unarmed Combat
  4007 | D:4      | Reached XP level 6. HP: 34/43 MP: 7/7
  4293 | D:4      | Reached skill level 3 in Armour
  4355 | D:4      | Reached skill level 3 in Unarmed Combat
  4848 | D:4      | Found an opulent altar of Gozag.
  5084 | D:5      | Entered Level 5 of the Dungeon
  5379 | D:5      | Reached XP level 7. HP: 42/48 MP: 8/8
  5414 | D:5      | Reached skill level 4 in Unarmed Combat
  5963 | D:5      | Noticed Grinder
  6215 | D:5      | Found a radiant altar of Vehumet.
  6384 | D:5      | Reached skill level 4 in Armour
  6442 | D:5      | Found a sacrificial altar of Ru.
  6696 | D:5      | Paralysed by Grinder for 7 turns
  6706 | D:5      | Killed Grinder
  6706 | D:5      | Reached skill level 5 in Unarmed Combat
  7084 | D:5      | Gained mutation: You sometimes gain a little power by taking damage. [demonic ancestry]
  7084 | D:5      | Reached XP level 8. HP: 54/54 MP: 9/9
  7174 | D:6      | Found a blossoming altar of Fedhas.
  7177 | D:6      | Became a worshipper of Fedhas Madash
  7455 | D:6      | Reached skill level 6 in Unarmed Combat
  7668 | D:6      | Found Juischaps's Armour Emporium.
  8037 | D:6      | HP: 16/54 [ogre/giant spiked club (20)]
  8038 | D:6      | Reached skill level 5 in Armour
  8376 | D:6      | Found a staircase to the Ecumenical Temple.
  8382 | Temple   | Entered the Ecumenical Temple
  8962 | D:7      | Reached skill level 7 in Unarmed Combat
  9709 | D:7      | HP: 15/54 [gnoll sergeant/spear (5)]
  9712 | D:7      | Reached skill level 6 in Armour
  9712 | D:7      | Gained mutation: You sometimes gain power by taking damage. [demonic ancestry]
  9712 | D:7      | Reached XP level 9. HP: 16/59 MP: 10/10
  9972 | D:7      | Reached skill level 8 in Unarmed Combat
 10183 | D:7      | HP: 16/59 [hippogriff (6)]
 10191 | D:7      | HP: 13/59 [hippogriff (2)]
 10682 | D:7      | Found a shadowy altar of Dithmenos.
 10682 | D:7      | Found an ornate altar of the Wu Jian Council.
 10720 | D:7      | Reached skill level 9 in Unarmed Combat
 10861 | D:7      | Found a sparkling altar of Nemelex Xobeh.
 10975 | D:8      | Noticed Erica
 10997 | D:7      | HP: 14/59 [Erica/scimitar of flaming (4)]
 11002 | D:7      | Killed Erica
 11002 | D:7      | Reached skill level 7 in Armour
 11359 | D:8      | Found a sand-covered staircase.
 11368 | Ossuary  | Entered an ossuary
 11801 | D:8      | Reached skill level 10 in Unarmed Combat
 12022 | D:8      | Gained mutation: You have a pair of small antennae on your head. [demonic ancestry]
 12022 | D:8      | Reached XP level 10. HP: 57/65 MP: 11/11
 12087 | D:8      | Found a basalt altar of Yredelemnul.
 12148 | D:8      | Noticed Pikel
 12977 | D:8      | Found an iron altar of Okawaru.
 13391 | D:8      | Killed Pikel
 13391 | D:8      | Reached skill level 8 in Armour
 13668 | D:9      | Noticed a two-headed ogre
 13679 | D:9      | HP: 4/65 [two-headed ogre/giant club (27)]
 13679 | D:9      | Slain by a two-headed ogre

Vault maps used:
D:1:      dpeg_arrival_tiny_a, minmay_surrounded
D:2:      nicolae_overflow_crystal_walls, chequers_ecumenical_altar_simple_redux
D:3:      nicolae_overflow_hidden_temple
D:4:      kennysheep_little_box
D:5:      overflow_temple_1_default, kennysheep_mini, first_bread, uniq_grinder
D:6:      kennysheep_mini_moat, minmay_temple_entry_fiery, serial_shops, shop
D:7:      kb_forest_paths, gammafunk_temple_overflow_elements,
          nemelex_spade_bored_becter
D:8:      yredelemnul_forgotten_temple_becter, okawaru_humans, enter_ossuary_3,
          uniq_pikel, uniq_erica
D:9:      gammafunk_temple_overflow_arena, orc_0_dummy, uniq_psyche, uniq_grum
Temple:   kb_corrupted_temple
Ossuary:  ossuary_tomb_1

Skill      XL: |  1  2  3  4  5  6  7  8  9 10 |
---------------+-------------------------------+-----
Axes           | 3 4 |  4.8
Armour         | 2 3 4 6 7 8 |  8.0
Unarmed Combat | 2 3 5 7 10 | 10.8
Fighting       | |  1.0
Stealth        | |  1.0
Shields        | |  1.0
Spellcasting   | |  1.0
Conjurations   | |  1.0
Translocations | |  1.0

Action                   |  1- 3 |  4- 6 |  7- 9 | 10-12 || total
-------------------------+-------+-------+-------+-------++-------
Melee: Hand axe          |   231 |   404 |    92 |       ||   727
       Unarmed           |       |       |   542 |   137 ||   679
Throw: Stone             |     7 |       |       |       ||     7
       Tomahawk          |       |    20 |    29 |       ||    49
       Javelin           |       |       |     1 |       ||     1
Evoke: Wand              |       |       |     2 |     2 ||     4
  Use: Scroll            |     8 |     5 |    10 |     3 ||    26
       Potion            |       |       |     2 |       ||     2
 Stab: Sleeping          |     1 |       |       |       ||     1
       Distracted        |       |       |     5 |     1 ||     6
  Eat: Chunk             |     5 |    10 |    17 |     3 ||    35
       Royal jelly       |       |       |     1 |       ||     1
       Bread ration      |       |       |     1 |       ||     1
Armor: Robe              |    40 |       |       |       ||    40
       Plate armour      |    56 |   296 |   383 |    88 ||   823
       Ring mail         |    52 |       |       |       ||    52
Dodge: Dodged            |    69 |    25 |    67 |    19 ||   180
Block: Shield            |   107 |       |       |       ||   107
       Buckler           |    11 |    68 |   100 |    16 ||   195

Table legend:
 A = Spawn XP
 B = Non-spawn XP
 C = Spawn XP percentage of total XP
 D = Spawn monster count
 E = Non-spawn monster count
 F = Spawn count percentage of total count
 G = Total turns spent on level
                    A         B        C        D         E        F      G
               +---------+---------+-------+---------+---------+-------+---------
         Total |       0 |    7379 |   0.0 |       0 |     238 |   0.0 | 13679
               +---------+---------+-------+---------+---------+-------+---------
           D:1 |       0 |      49 |   0.0 |       0 |      23 |   0.0 |  1216
           D:2 |       0 |      47 |   0.0 |       0 |      18 |   0.0 |  1510
           D:3 |       0 |     124 |   0.0 |       0 |      25 |   0.0 |  1080
           D:4 |       0 |     592 |   0.0 |       0 |      21 |   0.0 |  1736
           D:5 |       0 |     687 |   0.0 |       0 |      23 |   0.0 |  1873
           D:6 |       0 |     462 |   0.0 |       0 |      17 |   0.0 |  1344
           D:7 |       0 |    3356 |   0.0 |       0 |      44 |   0.0 |  3199
           D:8 |       0 |    1689 |   0.0 |       0 |      27 |   0.0 |  1172
           D:9 |       0 |      88 |   0.0 |       0 |       1 |   0.0 |    29
       Ossuary |       0 |     285 |   0.0 |       0 |      39 |   0.0 |   421
               +---------+---------+-------+---------+---------+-------+---------

Table legend:
 A = Turns spent in this place as a percentage of turns spent in the entire game.
 B = Non-inter-level travel turns spent in this place as a percentage of non-inter-level travel turns spent in the entire game.
 C = Inter-level travel turns spent in this place as a percentage of turns spent in this place.
 D = Turns resting spent in this place as a percentage of non-inter-level travel turns spent in this place.
 E = Turns spent auto-exploring this place as a percentage of non-inter-level travel turns spent in this place.
 F = Non-inter-level travel turns spent in this place divided by the number of levels of this place that you've seen.
                   A       B       C       D       E      F
               +-------+-------+-------+-------+-------+----------------------
         Total | 100.0 | 100.0 |   4.2 |  44.7 |  22.5 | 1191.5
       Dungeon |  96.2 |  96.2 |   4.2 |  45.3 |  22.8 | 1400.3
        Temple |   0.7 |   0.6 |  17.2 |   0.0 |  97.6 |  82.0
       Ossuary |   3.1 |   3.2 |   0.0 |  34.2 |   0.0 | 421.0
               +-------+-------+-------+-------+-------+----------------------

Vault maps used:
D:1:      dpeg_arrival_tiny_a, minmay_surrounded
D:2:      nicolae_overflow_crystal_walls, chequers_ecumenical_altar_simple_redux
D:3:      nicolae_overflow_hidden_temple
D:4:      kennysheep_little_box
D:5:      overflow_temple_1_default, kennysheep_mini, first_bread, uniq_grinder
D:6:      kennysheep_mini_moat, minmay_temple_entry_fiery, serial_shops, shop
D:7:      kb_forest_paths, gammafunk_temple_overflow_elements,
          nemelex_spade_bored_becter
D:8:      yredelemnul_forgotten_temple_becter, okawaru_humans, enter_ossuary_3,
          uniq_pikel, uniq_erica
D:9:      gammafunk_temple_overflow_arena, orc_0_dummy, uniq_psyche, uniq_grum
Temple:   kb_corrupted_temple
Ossuary:  ossuary_tomb_1
